 Dungeon Crawl Stone Soup version 0.29-a0-334-gb41bcbb86e (webtiles) character file.

Game seed: 8796464766056471561

60 spaghetti the Covered (level 4, -4/42 HPs)
             Began as a Naga Fighter on Apr 13, 2022.
             Slain by a gnoll
             ... wielding a +0 halberd
              (6 damage)
             ... on level 2 of the Dungeon.
             The game lasted 00:02:20 (1884 turns).

spaghetti the Covered (Naga Fighter)                Turns: 1884, Time: 00:02:21

Health: -4/42      AC:  7    Str: 18 (20) XL:     4   Next: 4%
Magic:  4/4        EV:  7    Int:  6 (8)  God:
Gold:   86         SH:  4    Dex:  8 (11) Spells: 3/3 levels left

rFire   . . .      SeeInvis +   a - +0 flail {mace}
rCold   . . .      Faith    .   c - +0 buckler
rNeg    . . .      Spirit   .   b - +0 scale mail
rPois   +          Reflect  .   m - +1 helmet
rElec   .          Harm     .   (no cloak)
rCorr   .          Rampage  .   (no gloves)
Will    .....                   (no barding)
Stlth   ..........              (no amulet)
HPRegen 0.14/turn               (no ring)
MPRegen 0.09/turn               (no ring)

@: weak-willed, very slow
A: AC +1, large, see invisible, deformed body, poison resistance, slowness 2,
spit poison 1, naga tail 1
a: Spit Poison


You were on level 2 of the Dungeon.
You visited 1 branch of the dungeon, and saw 2 of its levels.

You collected 86 gold pieces.


Innate Abilities, Weirdness & Mutations

Your serpentine skin is tough. (AC +1)
You have supernaturally acute eyesight. (SInv)
Armour fits poorly on your strangely shaped body.
Your system is resistant to poisons. (rPois)
You cover ground very slowly.
You can spit poison.
You have a snake-like lower body.


   Skills:
 - Level 3.0 Fighting
 - Level 2.0 Maces & Flails
 + Level 3.2 Armour
 + Level 3.2 Shields


You had 3 spell levels left.
You didn't know any spells.
Your spell library was empty.

Inventory:

Hand Weapons
 a - a +0 flail (weapon) {mace}
 n - a +0 great mace {mace}
   (You found it on level 2 of the Dungeon)
Missiles
 f - 47 stones (quivered) {throwing}
Armour
 b - a +0 scale mail (worn)
 c - a +0 buckler (worn)
 k - a +0 buckler
   (You found it on level 1 of the Dungeon)
 m - a +1 helmet (worn)
   (You found it on level 2 of the Dungeon)
Scrolls
 h - a scroll of fog
 i - a scroll of vulnerability {!r!r}
Potions
 d - a potion of might
 g - 2 potions of invisibility

Dungeon Overview and Level Annotations

Branches:
Dungeon (2/15)

Altars:
Elyvilon

#.......#####.....#..##
#.......####..#####..##
#.......##...## #....##
##.....###.######.รท.>..
##...####.# #...<.....
#######..###.#..##.##
###**#...###.....##.#
##...##........#.###.#
*#.....@....##.##.# #.#
#....!gg)....#.##.###.##
#..............##.......
#.<.....<...[...........
##..(..<.......###.....>
##...##.#######*#######
####*#..,,,,,,,,,,,,,,
*##,,**,,,,*,,,,,
*,,,*,*,,**,*,*


You could see 2 gnolls.


Message History

No target in view!
No target in view!
No target in view!
No target in view!
No target in view!
You see here a quokka corpse.
Found a stone staircase leading down. ๐Ÿ˜Ž HP[+2]
Your hp is fully restored (42).
e - a scroll labelled QAOMMEI QESA
i - a scroll labelled NIWURU RUTHUOCK
There is a stone staircase leading down here.
i - 2 scrolls labelled NIWURU RUTHUOCK (gained 1)
A rat comes into view. 2 gnolls come into view.
Found a stone staircase leading up.
The gnoll shouts! x2
A gnoll comes into view. It is wielding a +0 whip.
You barely miss the rat.
The gnoll shouts!
You block the rat's attack.
You sock the rat!
You kill the rat!
The gnoll hits you from afar with a +0 spear.
The gnoll barely misses you. ๐Ÿ˜• HP[-2]
You take 2 damage, and now have 40/42 hp.
The gnoll hits you but does no damage. You block the gnoll's attack.
You hit the gnoll. The gnoll closely misses you. x3
The gnoll hits you with a +0 halberd! You block the gnoll's attack.
The gnoll hits you but does no damage. ๐Ÿ˜• HP[-8]
You take 8 damage, and now have 32/42 hp.
You are too injured to fight recklessly!
You are too injured to fight recklessly!
You are too injured to fight recklessly!
You are too injured to fight recklessly!
You are too injured to fight recklessly!
You are too injured to fight recklessly!
You are too injured to fight recklessly!
You are too injured to fight recklessly!
You are too injured to fight recklessly!
You are too injured to fight recklessly!
You are too injured to fight recklessly!
There are monsters nearby!
There are monsters nearby!
You hit the gnoll but do no damage. The gnoll hits you with a +0 whip.
The gnoll hits you with a +0 spear.
The gnoll hits you with a +0 halberd. ๐Ÿ˜ฎ HP[-10]
You take 10 damage, and now have 22/42 hp.
MASSIVE DAMAGE!! (PAUSE)
Aiming: Spit Poison (1% risk of failure)
Press: ? - help, Shift-Dir - straight line, f - gnoll
Aim: a gnoll, wielding a +0 spear (65% to hit)
The splash of poison hits the gnoll!
The gnoll is poisoned.
The gnoll hits you with a +0 whip.
* * * LOW HITPOINT WARNING * * *
You block the gnoll's attack.
The gnoll barely misses you. ๐Ÿ˜จ HP[-4]
You take 4 damage, and now have 18/42 hp.
Unknown command.
It was a potion of degeneration.
There was something very wrong with that liquid.
You feel weakened.
You feel dopey.
You feel clumsy. The gnoll barely misses you. You block the gnoll's attack.
The gnoll barely misses you.
Unknown command.
You hit the gnoll. The gnoll hits you with a +0 whip.
* * * LOW HITPOINT WARNING * * *
You block the gnoll's attack. The gnoll hits you with a +0 halberd.
* * * LOW HITPOINT WARNING * * *
๐Ÿ˜ฑ HP[-8]
You take 8 damage, and now have 10/42 hp.
As you read the scroll labelled QAOMMEI QESA, it crumbles to dust.
You feel aware of your surroundings.
It was a scroll of magic mapping.
You block the gnoll's attack. The gnoll hits you with a +0 spear.
* * * LOW HITPOINT WARNING * * *
The gnoll completely misses you. ๐Ÿ˜ฑ HP[-1]
You take 1 damage, and now have 9/42 hp.
As you read the scroll labelled NIWURU RUTHUOCK, it crumbles to dust.
Magic quickly surges around you.
It was a scroll of vulnerability.
The gnoll closely misses you. The gnoll hits you but does no damage.
The gnoll barely misses you.
You aren't carrying any items that you can evoke.
You barely miss the gnoll.
You have got your breath back.
The gnoll hits you but does no damage. The gnoll barely misses you.
You block the gnoll's attack. The gnoll hits you but does no damage.
The gnoll hits you with a +0 whip.
* * * LOW HITPOINT WARNING * * *
The gnoll hits you with a +0 spear.
* * * LOW HITPOINT WARNING * * *
๐Ÿ˜ฑ HP[-7]
You take 7 damage, and now have 2/42 hp.
Okay, then.
You sock the gnoll!
You kill the gnoll!
You block the gnoll's attack. The gnoll hits you with a +0 halberd.
You die...

Skill      XL: |  1  2  3 |
---------------+----------+-----
Armour         | 3 |  3.2
Shields        | 3 |  3.2
Fighting       | |  3.0
Maces & Flails | |  2.0

Action                   |  1- 3 |  4- 6 || total
-------------------------+-------+-------++-------
Melee: Flail             |   107 |    12 ||   119
Throw: Stone             |     9 |       ||     9
 Abil: Spit Poison       |     6 |     1 ||     7
  Use: Scroll            |     4 |     2 ||     6
       Potion            |       |     1 ||     1
Armor: Scale mail        |    70 |     7 ||    77
Dodge: Dodged            |    49 |    12 ||    61
Block: Buckler           |    21 |    10 ||    31

Levels and vault maps discovered:
D:1:      roderic_dead_forest, layout_loops_cross
D:2:      layout_rooms, basic_altar, minmay_misc_feat_rugged

Notes
Turn   | Place    | Note
-------+----------+-------------------------------------------
     0 | D:1      | spaghetti the Naga Fighter began the quest for the Orb.
     0 | D:1      | Reached XP level 1. HP: 21/21 MP: 1/1
     0 | D:1      | magus.rc [v1.9.6]
   159 | D:1      | Reached XP level 2. HP: 17/28 MP: 2/2
   802 | D:1      | Reached XP level 3. HP: 33/34 MP: 3/3
   902 | D:1      | Reached skill level 3 in Armour
   902 | D:1      | Reached skill level 3 in Shields
  1778 | D:2      | Found a white marble altar of Elyvilon.
  1820 | D:2      | Reached XP level 4. HP: 42/42 MP: 4/4
  1880 | D:2      | HP: 10/42 [gnoll/+0 halberd (5)]
  1883 | D:2      | HP: 2/42 [gnoll/+0 spear (4)]
  1884 | D:2      | Slain by a gnoll

Vanquished Creatures
  2 gnolls
  2 worms (D:2)
  A dart slug (D:2)
  5 ball pythons
  3 bats (D:1)
  2 endoplasms (D:1)
  2 giant cockroaches
  5 goblins (D:2)
  5 hobgoblins (D:1)
  3 kobolds
  A quokka (D:2)
  3 frilled lizards
  8 rats
42 creatures vanquished.

Table legend:
 A = Non-vault XP
 B = Vault XP
 C = Vault XP percentage of total XP
 D = Non-vault monster count
 E = Vault monster count
 F = Vault count percentage of total count
                 A         B        C        D         E       F
            +---------+---------+-------+---------+---------+-------
      Total |     101 |       0 |   0.0 |      42 |       0 |   0.0
            +---------+---------+-------+---------+---------+-------
        D:1 |      50 |       0 |   0.0 |      24 |       0 |   0.0
        D:2 |      51 |       0 |   0.0 |      18 |       0 |   0.0
            +---------+---------+-------+---------+---------+-------

Illustrated notes

Table legend:
 A = Kills in this place as a percentage of kills in entire the game.
 B = Kills by you in this place as a percentage of kills by you in the entire game.
 C = Kills by friends in this place as a percentage of kills by friends in the entire game.
 D = Other kills in this place as a percentage of other kills in the entire game.
 E = Experience gained in this place as a percentage of experience gained in the entire game.
 F = Experience gained in this place divided by the number of levels of this place that you have seen.
                   A       B       C       D       E      F
               +-------+-------+-------+-------+-------+----------------------
         Total | 100.0 | 100.0 |   N/A |   N/A | 100.0 |  50.5
       Dungeon | 100.0 | 100.0 |   N/A |   N/A | 100.0 |  50.5
               +-------+-------+-------+-------+-------+----------------------

Table legend: (Time is in decaauts)
 A = Elapsed time spent in this place.
 B = Non-inter-level travel time spent in this place.
 C = Inter-level travel time spent in this place.
 D = Time resting spent in this place.
 E = Time spent auto-exploring this place.
 F = Levels seen in this place.
 G = Mean time per level.
                   A        B        C        D        E       F      G
               +--------+--------+--------+--------+--------+-----+--------+
         Total |   2282 |   2243 |     39 |    690 |   1224 |   2 | 1141.0 |
       Dungeon |   2282 |   2243 |     39 |    690 |   1224 |   2 | 1141.0 |
               +--------+--------+--------+--------+--------+-----+--------+

Top non-repeatable levels by time:
     D:1: 1658 daAuts
     D:2: 623 daAuts
